 Dungeon Crawl Stone Soup version 0.31.0-12-g77e489cdc1 (webtiles) character file.

Game seed: 7940494858271435163

17 Dalarin the Sneak (level 2, -6/14 HPs)
             Began as a Spriggan Enchanter on Feb 18, 2024.
             Mangled by Terence
             ... wielding a +0 mace
              (7 damage)
             ... on level 2 of the Dungeon.
             The game lasted 00:07:57 (784 turns).

Dalarin the Sneak (Spriggan Enchanter)               Turns: 784, Time: 00:07:58

Health: -6/14      AC:  2    Str:  4    XL:     2   Next: 44%
Magic:  6/6        EV: 17    Int: 16    God:
Gold:   20         SH:  0    Dex: 15    Spells: 6/6 levels left

rFire   . . .        d - +1 rapier (freeze)
rCold   . . .        (no shield)
rNeg    . . .        b - +0 robe
rPois   .            (helmet restricted)
rElec   .            (no cloak)
rCorr   .            (gloves unavailable)
SInv    +            (boots unavailable)
Will    .....        (no amulet)
Stlth   +++          (no ring)
HPRegen 0.22/turn    (no ring)
MPRegen 0.10/turn

%: no passive effects
@: very quick
A: very small, no large weapons, unfitting armour, see invisible, speed 3
a: no special abilities


You were on level 2 of the Dungeon.
You visited 1 branch of the dungeon, and saw 2 of its levels.

You collected 20 gold pieces.

Inventory:

Hand Weapons
 a - a +1 dagger
 d - a +1 rapier of freezing (weapon)
Armour
 b - a +0 robe (worn)
Potions
 c - 2 potions of invisibility


   Skills:
 + Level 0.3 Fighting
 + Level 1.5 Short Blades
 + Level 3.0 Dodging
 + Level 4.7 Stealth
 + Level 2.9 Spellcasting
 + Level 3.8 Hexes


You had 6 spell levels left.
You didn't know any spells.
Your spell library contained the following spells:

 Spells                   Type           Power      Damage    Failure   Level
 Confusing Touch          Hex            14%        N/A       12%         3
 Tukima's Dance           Hex            14%        N/A       12%         3
 Ensorcelled Hibernation  Hex/Ice        16%        N/A       13%         2
 Dazzling Flash           Conj/Hex       16%        N/A       26%         3


Dungeon Overview and Level Annotations

Branches:
Dungeon (2/15)

Altars:

Annotations:
D:2 Terence


Innate Abilities, Weirdness & Mutations

You are very small and have problems with some larger weapons.
You are too small for most types of armour.
You have supernaturally acute eyesight. (SInv)
You cover ground extremely quickly. (Speed+++)


Message History

A ball python comes into view.
The helpless ball python fails to defend itself.
You puncture the ball python! You freeze the ball python.
You kill the ball python!
You start to feel less resistant.
Your resistance to elements expires.
Done exploring.
There is a stone staircase leading down here.
You climb downwards.
Found a blackened pearl amulet and a scroll labelled BIUCIA ZIXILUTEAC.
There is a stone staircase leading up here.
Found 5 stones, a robe and a golden potion.
The helpless Terence fails to defend himself.
You hit Terence. You freeze Terence.
Terence is moderately wounded.
Terence closely misses you.
Press: ? - help, v - describe, . - travel
Here: Terence, wielding a +0 mace and wearing a +0 chain mail (moderately wounded)
The floor.
Terence is nearby!
Press: ? - help, v - describe, . - travel A rock wall.
You barely miss Terence.
Terence is moderately wounded.
Terence hits you with a +0 mace. Terence closely misses you.
Okay, then.
You aren't carrying any scrolls.
There is a stone staircase leading up here.
There are no items here.
You hit Terence but do no damage.
Terence is moderately wounded.
Terence hits you with a +0 mace!
Ouch! That really hurt!
* * * LOW HITPOINT WARNING * * *
Terence barely misses you.
You can't go down here!
Terence hits you with a +0 mace!
Ouch! That really hurt!
You die...
Terence says, "That felt goooood."

#.# #.# ![. #.#
(.####.# .....#
#..####.####
#..@@."....#
.........####.##?#
##########


You could see Terence.

Vanquished Creatures
  2 bats (D:1)
  An endoplasm (D:1)
  A giant cockroach (D:1)
  3 goblins (D:1)
  A hobgoblin (D:1)
  2 kobolds (D:1)
  A quokka (D:1)
  3 ball pythons (D:1)
  A rat (D:1)
15 creatures vanquished.

Notes
Turn   | Place    | Note
-------+----------+-------------------------------------------
     0 | D:1      | Dalarin the Spriggan Enchanter began the quest for the Orb.
     0 | D:1      | Reached XP level 1. HP: 9/9 MP: 5/5
   265 | D:1      | Reached XP level 2. HP: 13/13 MP: 6/6
   427 | D:1      | Identified a scroll of acquirement
   427 | D:1      | Acquired a +1 rapier of freezing
   772 | D:2      | Noticed Terence
   784 | D:2      | Mangled by Terence

Illustrated notes

Levels and vault maps discovered:
D:1:      dpeg_arrival_shelter, layout_basic
D:2:      layout_loops_ring, basic_altar, uniq_terence, uniq_crazy_yiuf_cottage

Skill      XL: |  1  2 |
---------------+-------+-----
Dodging        | 3 |  3.0
Fighting       | |  0.3
Short Blades   | |  1.5
Stealth        | |  4.7
Spellcasting   | |  2.9
Hexes          | |  3.8

Action                     || total
---------------------------++-------
  Melee: Dagger            ||    39
         Rapier            ||     9
    Use: Scroll            ||     4
         Potion            ||     2
   Stab: Sleeping          ||     6
 Armour: Robe              ||    19
  Dodge: Dodged            ||    36
